woodfighter, chaotic female human Priestess # -.-.----.. |........h #-.......@.## #---------- ### # # --------------# |............|## |.............# |............| |.............############## |............| # -------------- # ####### woodfighter the Adept Experience level: 6 Strength: 14 Dexterity: 13 Constitution: 14 Intelligence: 19 Wisdom: 9 Charisma: 9 Health: 0(45) Energy: 45(45) Def: 7 Gold: 746 Moves: 4032 Dungeon seed: d4K6S54cgNPN9u7F Game ID: woodfighter_1579240308 Your Inventory: Coins $ - 746 gold pieces Amulets i - a cursed amulet of strangulation Armor e - a blessed +0 robe (being worn) n - a +0 small shield (being worn) r - a +0 pair of gauntlets of dexterity (being worn) M - a +0 dwarvish cloak N - a +0 orcish helm (being worn) Q - a +0 dwarvish cloak R - a +0 pair of iron shoes (being worn) Comestibles d - 2 sprigs of wolfsbane z - a eucalyptus leaf G - a lichen corpse Scrolls l - a cursed scroll of identify m - a cursed scroll of light o - a scroll of enchant weapon p - a scroll of enchant armor q - a cursed scroll of identify t - 3 scrolls of identify x - a blessed scroll of teleportation D - a scroll of scare monster L - a scroll of punishment W - a scroll of water Potions b - 4 potions of holy water h - a potion of restore ability j - a blessed potion of extra healing C - a potion of healing H - a potion of hallucination K - a potion of levitation O - a potion of invisibility U - a potion of fruit juice Z - a potion of extra healing Wands f - a wand of cancellation (0:1) k - a wand of magic missile (0:7) y - a wand of enlightenment (0:13) F - a wand of slow monster (0:5) X - a wand of enlightenment (0:13) Tools w - a magic whistle J - 8 tallow candles (0:200) S - a +0 pick-axe (weapon in hand) Gems T - 2 worthless pieces of black glass Y - 2 worthless pieces of red glass Spells and supernatural/magical abilities: Name Level Category Fail Memory l - light 1 divination 0% 80% n - detect monsters 1 divination 0% 80% U - detect unseen 3 divination 71% 80% W - pray for help -- divine ? -- X - turn undead -- divine ? -- Your skills at the end: Miscellaneous Skills shield [Basic] wands [Basic] Weapon Skills mace [Skilled] Spellcasting Skills clerical spells [Basic] Final Attributes: You were piously aligned. You were fire resistant. You were somewhat stealthy. You are dead. Vanquished creatures: a dingo a housecat a human zombie a yellow light a rock piercer a pony a fog cloud 2 gnome lords a black naga hatchling a gray ooze a kitten 3 dwarves a kobold lord an iguana a giant bat 3 dwarf zombies a wererat a werejackal 2 coyotes a gas spore 2 acid blobs a hobgoblin 4 cave spiders 8 gnomes 20 manes 8 jackals a fox 8 newts 3 goblins a sewer rat 5 grid bugs 6 lichens a kobold zombie 94 creatures vanquished. Voluntary challenges: You did not adorn yourself with jewelry or accessories. You did not cause conflict. You were not invisible. You did not have reflection. You were not displaced. You used a wielded weapon 116 times, starting on turn 39. You did not apply a unicorn horn. You did not use plumbed fixtures. You did not drink any magical draughts. You read items or engraved 2 times, starting on turn 1410. You never genocided any monsters. You never polymorphed an object. You never changed form. You used no wishes. You never split a pudding. You never wrote Elbereth's name. You never violated your personal moral code. Dungeon overview: The Dungeons of Doom: levels 1 to 8 Level 1 (boxes) a sink a long staircase Level 2 a general store, an altar to Kos stairs to The Gnomish Mines Level 3 some fountains Level 4 Level 5 (box) Level 6 (stash + nymph) some fountains Level 7 a fountain Level 8 <- You were here The Gnomish Mines: Level 3 stairs to The Dungeons of Doom History has recorded: On T:1 you entered the Dungeons of Doom to retrieve the Amulet of Yendor! On T:223 you reached level 2 of The Dungeons of Doom. On T:486 you reached level 3 of The Dungeons of Doom. On T:723 you reached level 1 of The Gnomish Mines. On T:904 you advanced to experience level 2. On T:1089 you reached level 4 of The Dungeons of Doom. On T:1347 you reached level 5 of The Dungeons of Doom. On T:1408 you advanced to experience level 3. On T:1643 you prayed to Kos. On T:1711 you advanced to experience level 4. On T:2746 you advanced to experience level 5. On T:3252 you reached level 6 of The Dungeons of Doom. On T:3405 you prayed to Kos. On T:3503 you advanced to experience level 6. On T:3705 you reached level 7 of The Dungeons of Doom. On T:3797 you reached level 8 of The Dungeons of Doom. On T:3966 you prayed to Kos. Score breakdown: Gold: 746 ( 74 points) Experience: 6 levels ( 500 points) Exploration: 8 levels ( 210 points) Discoveries: 31 items ( 1550 points) Variety of kills: 33 monsters ( 1650 points) Major goal: (nothing yet) ( 0 points) Survival: died (score multiplied by 3) Total score: 11952 Latest messages: You are now wielding your pick-axe. The dwarf lord wields an axe! You miss the dwarf lord. The dwarf lord swings his axe at you. The dwarf lord chops you! The dwarf lord swings his axe at you. The dwarf lord hacks you! You miss the dwarf lord. (2x) The dwarf lord swings his axe at you. The dwarf lord chops you! The dwarf lord swings his axe at you. The dwarf lord just misses! You miss the dwarf lord. (2x) The dwarf lord swings his axe at you. The dwarf lord misses. The dwarf lord swings his axe at you. The dwarf lord misses. You miss the dwarf lord. (2x) The dwarf lord swings his axe at you. The dwarf lord chops you! The dwarf lord swings his axe at you. The dwarf lord just misses! You miss the dwarf lord. (2x) The dwarf lord swings his axe at you. The dwarf lord chops you! You die... Final status: Goodbye woodfighter the Priestess, killed by a dwarf lord... You died in The Dungeons of Doom on dungeon level 8 with 11952 points, and 746 pieces of gold, after 4032 moves. You were level 6 with a maximum of 45 hit points when you died.